 Dungeon Crawl Stone Soup version 0.28.0-53-g5a82cb258f (webtiles) character file.

Game seed: 2270987370815097737

136 Gabide the Grave Robber (level 4, -3/33 HPs)
             Began as a Mummy Necromancer on May 28, 2022.
             Was a Believer of Vehumet.
             Slain by Sigmund
             ... wielding a +3 scythe of venom
              (10 damage)
             ... on level 3 of the Dungeon.
             The game lasted 00:07:58 (3072 turns).

Gabide the Grave Robber (Mummy Necromancer)         Turns: 3072, Time: 00:07:59

Health: -3/33      AC:  8    Str: 17    XL:     4   Next: 98%
Magic:  0/8        EV: 11    Int: 16    God:    Vehumet [**....]
Gold:   53         SH:  0    Dex: 12    Spells: 8/9 levels left

rFire   x . .      SeeInvis .   d - staff of cold
rCold   + + .      Faith    .   (no shield)
rNeg    + + +      Spirit   .   k - +0 ring mail
rPois   ∞          Reflect  .   (no helmet)
rElec   .          Harm     .   f - scarf {+Inv}
rCorr   .          Rampage  .   j - +2 pair of gloves
Will    .....                   (no boots)
Stlth   +.........              (no amulet)
HPRegen 0.11/turn               h - +6 ring of strength
MPRegen 0.11/turn               (no ring)

@: no status effects
A: cold resistance 1, negative energy resistance 3, torment resistance 2, heat
vulnerability 1, no potions
a: Renounce Religion, Evoke Invisibility


You were on level 3 of the Dungeon.
You worshipped Vehumet.
Vehumet was pleased with you.
You visited 1 branch of the dungeon, and saw 3 of its levels.

You collected 53 gold pieces.

Inventory:

Hand Weapons
 b - a +0 short sword
 c - a +3 dagger
Armour
 f - a scarf of invisibility (worn)
 g - a +1 robe of willpower
 j - a +2 pair of gloves (worn)
 k - a +0 ring mail (worn)
Magical Staves
 d - a staff of cold (weapon)
Jewellery
 h - a +6 ring of strength (left hand)
Scrolls
 e - a scroll of noise {unknown}
 l - a scroll of fog {unknown}
 m - a scroll of identify {unknown}


   Skills:
 - Level 2.0 Fighting
 - Level 1.6 Staves
 + Level 2.2 Armour
 - Level 2.0 Dodging
 - Level 1.5 Stealth
 - Level 3.0 Spellcasting
 - Level 4.0 Necromancy


You had 8 spell levels left.
You knew the following spells:

 Your Spells              Type           Power      Damage    Failure   Level
a - Pain                  Necr           60%        1d7       6%          1

Your spell library contained the following spells:

 Spells                   Type           Power      Damage    Failure   Level
 Shock                    Conj/Air       8%         1d3       32%         1
 Animate Skeleton         Necr           30%        N/A       6%          1
 Vampiric Draining        Necr           15%        2d7       19%         3
 Ensorcelled Hibernation  Hex/Ice        6%         N/A       45%         2
 Animate Dead             Necr           7%         N/A       54%         4
 Anguish                  Hex/Necr       4%         N/A       82%         4
 Agony                    Necr           15%        N/A       87%         5
 Spider Form              Tmut/Pois      Unusable   N/A       N/A         3

Dungeon Overview and Level Annotations

Branches:
Dungeon (3/15)

Altars:
Gozag
Hepliaklqana
Vehumet

Annotations:
D:3 Sigmund


Innate Abilities, Weirdness & Mutations

You are immune to poison.
Your flesh is cold resistant. (rC+)
You are immune to negative energy. (rN+++)
You are immune to unholy pain and torment.
You are vulnerable to heat. (rF-)
You do not drink.


Message History

Press: ? - help, Q - select action, (/) - cycle Shift-Dir - straight line, f/p - Sigmund
Aim: Sigmund, wielding a +3 scythe of venom and wearing a +2 robe of willpower (severely wounded, chance to affect: 47%) Sigmund resists with some effort.
Unknown command.
You closely miss Sigmund.
Sigmund is severely wounded.
Sigmund hits you but does no damage.
You barely miss Sigmund.
Sigmund is severely wounded.
Sigmund gestures at you while chanting. The puff of flame hits you.
The fire burns you terribly!
You hit Sigmund.
Sigmund is severely wounded.
Sigmund closely misses you.
You barely miss Sigmund.
Sigmund is severely wounded.
Sigmund barely misses you.
You hit Sigmund.
Sigmund is severely wounded.
Sigmund mumbles some strange words.
Sigmund flickers and vanishes!
Deactivating autopickup; reactivate with Ctrl-A.
You closely miss something. Something barely misses you.
You hit something.
Aiming: Pain (safe; 6% risk of failure)
Press: ? - help, Q - select action, (/) - cycle Shift-Dir - straight line Nothing appears to happen.
Something hits you but does no damage.
You hit something. Something hits you.
You barely miss something.
You hear some strange, mumbled words.
A puff of flame appears from out of thin air!
The puff of flame hits you! The fire burns you terribly!
You completely miss something.
You hear some strange, mumbled words.
A magic dart appears from out of thin air!
The magic dart hits you.
* * * LOW HITPOINT WARNING * * *
You closely miss something. Something hits you!
You die...

##...... ### #..#### #..
#...# # #######.# #.#.# #
........# # #.#.# #
........####.# #.#.###
...........#.# #.#..##
.......{.#.#.# #.##.##
.......#@#...# #.##..#
.@.....#.....######.###.#
..####.###..##....#.#....
. #. #.####.##.#.#.... #.
##..##.##.#.#.#.. ..
###.#.##.#.#.#.# ..
##..##.##<#.###.#
#.####.####.....#
##..##.....####.#


There were no monsters in sight!

Vanquished Creatures
  4 gnolls (D:2)
  4 adders (D:2)
  A worm (D:2)
  A dart slug (D:1)
  12 endoplasms
  7 goblins
  6 hobgoblins
  A quokka (D:3)
  5 ball pythons
  5 bats
  2 frilled lizards
  4 kobolds
  7 rats
59 creatures vanquished.

Vanquished Creatures (others)
  A withered plant (D:1)
1 creature vanquished.

Grand Total: 60 creatures vanquished

Notes
Turn   | Place    | Note
-------+----------+-------------------------------------------
     0 | D:1      | Gabide the Mummy Necromancer began the quest for the Orb.
     0 | D:1      | Reached XP level 1. HP: 13/13 MP: 4/4
   146 | D:1      | Found a faded altar of an unknown god.
   156 | D:1      | Prayed at the altar of an unknown god.
   156 | D:1      | Became a worshipper of Vehumet
   156 | D:1      | Reached * piety under Vehumet
   156 | D:1      | Offered knowledge of Sandblast by Vehumet.
   227 | D:1      | Reached XP level 2. HP: 20/20 MP: 6/6
   232 | D:1      | Reached skill level 1 in Fighting
   802 | D:1      | Reached XP level 3. HP: 27/27 MP: 4/7
  1334 | D:2      | Offered knowledge of Shock by Vehumet.
  1352 | D:2      | Reached skill level 1 in Staves
  1478 | D:2      | Reached ** piety under Vehumet
  1794 | D:2      | Reached XP level 4. HP: 32/33 MP: 0/8
  1827 | D:2      | Reached skill level 1 in Armour
  2897 | D:3      | Found an opulent altar of Gozag.
  2897 | D:3      | Found a hazy altar of Hepliaklqana.
  3042 | D:3      | Noticed Sigmund
  3072 | D:3      | Slain by Sigmund

Illustrated notes

Levels and vault maps discovered:
D:1:      nicolae_arrival_somewhat_less_tricky_arrival, layout_loops_ring,
          ebering_ecumenical_altar_petrified, minmay_hexomino_f4
D:2:      layout_loops_ring, serial_bayou_pond_e
D:3:      layout_basic, gammafunk_temple_overflow_statue,
          grunt_decor_resistance, grunt_ministairs_1, minmay_crystal_room,
          kennysheep_generic_room_5, uniq_grinder, uniq_sigmund, uniq_natasha

Skill      XL: |  1  2  3  4 |
---------------+-------------+-----
Spellcasting   | 3 |  3.0
Fighting       | 2 |  2.0
Dodging        | 2 |  2.0
Staves         | 1 |  1.6
Armour         | 2 |  2.2
Stealth        | |  1.5
Necromancy     | |  4.0

Action                   |  1- 3 |  4- 6 || total
-------------------------+-------+-------++-------
Melee: Dagger            |     8 |       ||     8
       Short sword       |     4 |       ||     4
       Staff             |     7 |    15 ||    22
 Cast: Pain              |    83 |    48 ||   131
  Use: Scroll            |       |     3 ||     3
 Stab: Sleeping          |     2 |       ||     2
Armor: Robe              |     5 |       ||     5
       Ring mail         |     3 |     7 ||    10
Dodge: Dodged            |    27 |    23 ||    50
